 Dungeon Crawl Stone Soup version 0.23.2-40-g277498a001 (webtiles) character file.

Game seed: 2279479756403696554

362 FishyPogo the Fighter (level 6, -1/62 HPs)
             Began as a Hill Orc Wanderer on Aug 14, 2019.
             Was a Follower of Beogh.
             Slain by a water moccasin skeleton (6 damage)
             ... on level 5 of the Dungeon.
             The game lasted 00:17:40 (4867 turns).

FishyPogo the Fighter (Hill Orc Wanderer)           Turns: 4867, Time: 00:17:41

Health: -1/62      AC:  9    Str: 17    XL:     6   Next: 66%
Magic:  8/8        EV: 10    Int: 10    God:    Beogh [*.....]
Gold:   130        SH:  0    Dex: 10    Spells: 5/5 levels left

rFire    . . .     SeeInvis .   k - +0 whip (curse)
rCold    . . .     Gourm    .   (no shield)
rNeg     . . .     Faith    .   c - +1 ring mail
rPois    .         Spirit   .   (no helmet)
rElec    .         Reflect  .   e - +0 cloak
rCorr    .         Harm     .   n - +0 pair of gloves
MR       .....                  (no boots)
Stlth    ..........             (no amulet)
HPRegen  0.20/turn              i - -2 ring of dexterity (curse)
MPRegen  0.11/turn              p - ring of wizardry

@: starving
A: no striking features
a: Renounce Religion


You were on level 5 of the Dungeon.
You worshipped Beogh.
Beogh was aware of your devotion.
You were starving.

You visited 1 branch of the dungeon, and saw 5 of its levels.

You collected 214 gold pieces.
You spent 84 gold pieces at shops.

Inventory:

Hand Weapons
 a - a +3 blowgun
 b - a +0 spear
 k - a cursed +0 whip (weapon)
 v - a +0 hand axe of chopping
Missiles
 d - 4 curare-tipped needles
 h - 135 stones (quivered)
 q - 4 javelins
Armour
 c - a +1 ring mail (worn)
 e - a +0 cloak (worn)
 n - a +0 pair of gloves (worn)
Jewellery
 i - a cursed -2 ring of dexterity (left hand)
 l - a +3 ring of protection
 p - a ring of wizardry (right hand)
Scrolls
 j - 3 scrolls of identify
 m - 3 scrolls of fog
 r - a scroll of random uselessness {unknown}
 s - a scroll of fear {unknown}
 t - a scroll of teleportation {unknown}
Potions
 g - 2 potions of cancellation
 o - a potion of haste {unknown}
 u - a potion of curing {unknown}
Comestibles
 f - 10 rations


   Skills:
 + Level 8.5 Fighting
 * Level 0.0 Axes
 - Level 1.0 Throwing
 * Level 5.0 Armour
 + Level 3.0 Invocations
   Level 1.0 Evocations


You had 5 spell levels left.
You didn't know any spells.
Your spell library was empty.

Dungeon Overview and Level Annotations

Branches:
Dungeon (5/15)
 Temple: D:4-7

Altars:
Cheibriados

Shops:
D:4 *


Message History

The water moccasin skeleton is almost destroyed.
The water moccasin skeleton bites you but does no damage.
The water moccasin skeleton barely misses you.
You hit the water moccasin skeleton but do no damage.
The water moccasin skeleton is almost destroyed.
The water moccasin skeleton misses you.
You hit the water moccasin skeleton.
The water moccasin skeleton is almost destroyed.
The water moccasin skeleton bites you but does no damage.
You closely miss the water moccasin skeleton.
The water moccasin skeleton is almost destroyed.
The water moccasin skeleton bites you but does no damage.
The water moccasin skeleton bites you!
* * * LOW HITPOINT WARNING * * *
Okay, then.
Okay, then.
You barely miss the water moccasin skeleton.
The water moccasin skeleton is almost destroyed.
The water moccasin skeleton bites you.
You die...

#. #. #. #.
#. .
#.#####....
#..@Z..#
#..###.#
#....#
#....#.#
#.####.#
... #.# ###
#.# #####.#
#.....#


You could see a water moccasin skeleton.

Vanquished Creatures
  A scorpion (D:4)
  Natasha (thrice) (D:2)
  9 adders
  7 gnolls (D:2)
  An adder skeleton (D:4)
  2 worms
  A dart slug (D:1)
  3 leopard geckos
  3 orcs
  3 giant cockroaches (D:2)
  12 goblins
  7 hobgoblins
  2 jackals (D:2)
  2 quokkas
  8 bats
  4 frilled lizards
  7 kobolds
  10 rats
85 creatures vanquished.

Vanquished Creatures (others)
  An orc priest (D:2)
  Robin (D:2)
  An adder (D:2)
  2 orcs (D:2)
  A giant cockroach (D:2)
  5 goblins (D:2)
  3 hobgoblins (D:2)
14 creatures vanquished.

Grand Total: 99 creatures vanquished

Notes
Turn   | Place    | Note
-------+----------+-------------------------------------------
     0 | D:1      | FishyPogo the Hill Orc Wanderer began the quest for the
                  | Orb.
     0 | D:1      | FishyPogo set off with the following items: a +2 blowgun, 4
                  | curare-tipped needles, a +0 ring mail, a +0 spear, a ration
     0 | D:1      | Reached XP level 1. HP: 24/24 MP: 1/1
    94 | D:1      | Reached XP level 2. HP: 30/31 MP: 2/2
   446 | D:1      | Reached XP level 3. HP: 34/38 MP: 3/3
   881 | D:2      | Found a faded altar of an unknown god.
   926 | D:2      | Reached skill level 7 in Fighting
   954 | D:2      | Reached XP level 4. HP: 35/47 MP: 4/4
  1004 | D:2      | HP: 2/47 [gnoll/+0 club (4)]
  1488 | D:2      | Noticed an orc warrior
  1493 | D:2      | Became a worshipper of Beogh the Brigand
  1561 | D:2      | Killed Robin
  1718 | D:2      | Reached XP level 5. HP: 29/53 MP: 5/5
  2149 | D:2      | Noticed Natasha
  2187 | D:2      | Killed Natasha
  2187 | D:2      | Reached skill level 8 in Fighting
  2187 | D:2      | Reached skill level 1 in Invocations
  2480 | D:2      | Noticed Natasha
  2494 | D:2      | Killed Natasha
  2767 | D:2      | Noticed Natasha
  2786 | D:2      | Killed Natasha
  2786 | D:2      | Reached XP level 6. HP: 48/61 MP: 7/7
  3072 | D:3      | Reached * piety under Beogh
  3236 | D:3      | Found a snail-covered altar of Cheibriados.
  4231 | D:4      | Reached skill level 5 in Armour
  4506 | D:4      | Found Sita's General Store.
  4514 | D:4      | Bought a +0 hand axe of chopping for 84 gold pieces
  4790 | D:5      | Entered Level 5 of the Dungeon
  4867 | D:5      | Slain by a water moccasin skeleton

Skill      XL: |  1  2  3  4  5  6 |
---------------+-------------------+-----
Fighting       | 7 8 |  8.5
Armour         | 4 5 |  5.0
Invocations    | 1 3 |  3.0
Throwing       | |  1.0
Evocations     | |  1.0

Action                   |  1- 3 |  4- 6 || total
-------------------------+-------+-------++-------
Melee: Spear             |    54 |       ||    54
       Whip              |    89 |   386 ||   475
Throw: Stone             |     5 |    23 ||    28
Invok: Convert to Beogh  |       |     1 ||     1
  Use: Scroll            |     1 |     6 ||     7
       Potion            |       |     1 ||     1
  Eat: Chunk             |       |    11 ||    11
Armor: Ring mail         |    69 |   189 ||   258
Dodge: Dodged            |    66 |   206 ||   272
